 Dungeon Crawl Stone Soup version 0.27-a0-1590-g15f69828bf (webtiles) character file.

Game seed: 2296553270556091619

24 undeadczar the Sneak (level 2, 0/14 HPs)
             Began as a Spriggan Brigand on July 18, 2021.
             Frozen to death by an endoplasm (5 damage)
             ... on level 1 of the Dungeon.
             The game lasted 00:14:03 (1220 turns).

undeadczar the Sneak (Spriggan Brigand)             Turns: 1220, Time: 00:14:04

Health: 0/14       AC:  3    Str:  7    XL:     2   Next: 79%
Magic:  3/3        EV: 16    Int: 12    God:
Gold:   23         SH:  0    Dex: 22    Spells: 1/1 levels left

rFire    . . .     SeeInvis +   a - +2 dagger
rCold    . . .     Faith    .   (shield restricted)
rNeg     . . .     Spirit   .   b - +0 robe
rPois    .         Reflect  .   (helmet restricted)
rElec    .         Harm     .   c - +0 cloak
rCorr    .         Rampage  .   (gloves unavailable)
Will     .....                  (boots unavailable)
Stlth    ++++......             (no amulet)
HPRegen  0.04/turn              h - +6 ring of dexterity
MPRegen  0.08/turn              (no ring)

@: very quick
A: very small, no large weapons, unfitting armour, see invisible, speed 3
a: no special abilities


You were on level 1 of the Dungeon.
You visited 1 branch of the dungeon, and saw 1 of its levels.

You collected 23 gold pieces.

Inventory:

Hand Weapons
 a - a +2 dagger (weapon)
 g - a +0 dagger
 j - a +0 dagger
 k - a +0 club
 l - a +0 club
 o - a +0 club
 p - a +0 club
 q - a +0 club
Missiles
 d - 8 poisoned darts
 e - 2 curare-tipped darts
 i - 5 large rocks
 n - 14 stones (quivered)
 r - 21 sling bullets
 s - 10 arrows
Armour
 b - a +0 robe (worn)
 c - a +0 cloak (worn)
 m - a +0 ring mail
Jewellery
 h - a +6 ring of dexterity (left hand)
Scrolls
 f - a scroll of teleportation {unknown}


   Skills:
 + Level 1.6 Fighting
 + Level 2.5 Short Blades
 + Level 2.1 Throwing
 + Level 1.3 Dodging
 + Level 6.9 Stealth


You had one spell level left.
You didn't know any spells.
Your spell library contained the following spells:

 Spells                   Type           Power      Damage    Failure   Level
 Frozen Ramparts          Ice            0%         1d2       69%         3
 Ice Form                 Ice/Tmut       0%         N/A       97%         4
 Summon Ice Beast         Ice/Summ       0%         N/A       97%         4


Dungeon Overview and Level Annotations

Branches:
Dungeon (1/15)

Altars:


Innate Abilities, Weirdness & Mutations

You are very small and have problems with some larger weapons.
You are too small for most types of armour.
You have supernaturally acute eyesight. (SInv)
You cover ground extremely quickly. (Speed+++)


Message History

You throw a stone.
The stone hits the kobold but does no damage.
The kobold is severely wounded.
An endoplasm comes into view.
The endoplasm quivers.
You hit the kobold but do no damage.
The kobold is severely wounded.
The kobold barely misses you.
You closely miss the kobold.
The kobold is severely wounded.
The kobold hits you with a +0 short sword.
You hit the kobold.
You kill the kobold!
You barely miss the ball python. The ball python barely misses you.
The ball python misses you.
You hit the ball python.
The ball python is severely wounded.
The ball python misses you. The ball python grabs you.
The ball python constricts you.
You hit the ball python.
You kill the ball python!
A jackal comes into view.
The endoplasm freezes you.
You are frozen.
Things that are here:
a +0 short sword; a kobold corpse The jackal barks!
You hit the endoplasm.
The endoplasm is severely wounded.
You hear a bark!
The endoplasm freezes you.
You are frozen.
You barely miss the endoplasm.
The endoplasm is severely wounded.
The endoplasm closely misses you.
You hit the endoplasm.
The endoplasm is almost dead.
The endoplasm freezes you.
You are frozen.
You die...

###...........## ##.#
##.....#######.###.##
###....# ##.#.## #
##.#.# ##.## ####.#.#
#.# .......# #.#
####'### ####.#####
##...## #........#
##.....######.##@###.#
#............ #J#
.........### (.#
.........+ h(.#
.........# .(.##
#........# ..>#
##.....#.# #...
##...##....... ##+##
###


You could see an endoplasm and a jackal.

Vanquished Creatures
  2 giant cockroaches (D:1)
  4 goblins (D:1)
  2 hobgoblins (D:1)
  2 jackals (D:1)
  2 quokkas (D:1)
  2 ball pythons (D:1)
  4 bats (D:1)
  2 kobolds (D:1)
  A rat (D:1)
21 creatures vanquished.

Notes
Turn   | Place    | Note
-------+----------+-------------------------------------------
     0 | D:1      | undeadczar the Spriggan Brigand began the quest for the
                  | Orb.
     0 | D:1      | Reached XP level 1. HP: 10/10 MP: 2/2
    71 | D:1      | Reached skill level 6 in Stealth
   204 | D:1      | Reached XP level 2. HP: 11/14 MP: 3/3
  1220 | D:1      | Frozen to death by an endoplasm

Illustrated notes

Levels and vault maps discovered:
D:1:      matt_arrival_diagonals, layout_loops_corners

Skill      XL: |  1 |
---------------+----+-----
Stealth        | 6 |  6.9
Fighting       | |  1.6
Short Blades   | |  2.5
Throwing       | |  2.1
Dodging        | |  1.3

Action                   || total
-------------------------++-------
Melee: Dagger            ||    81
Throw: Stone             ||    30
       Dart              ||     1
Armor: Robe              ||    14
Dodge: Dodged            ||    60

Table legend: (Time is in decaauts)
 A = Elapsed time spent in this place.
 B = Non-inter-level travel time spent in this place.
 C = Inter-level travel time spent in this place.
 D = Time resting spent in this place.
 E = Time spent auto-exploring this place.
 F = Levels seen in this place.
 G = Mean time per level.
                   A        B        C        D        E       F      G
               +--------+--------+--------+--------+--------+-----+--------+
         Total |    903 |    903 |      0 |    275 |     85 |   1 |  903.0 |
       Dungeon |    903 |    903 |      0 |    275 |     85 |   1 |  903.0 |
               +--------+--------+--------+--------+--------+-----+--------+

Top non-repeatable levels by time:
     D:1: 903 daAuts
